 Dungeon Crawl Stone Soup version 0.20.0-8-g6b59dc7 (webtiles) character file.

46 miragecloak the Changer (level 3, 0/23 HPs)
             Began as an Octopode Transmuter on June 2, 2017.
             Succumbed to an adder's poison
             ... on level 2 of the Dungeon.
             The game lasted 00:00:58 (926 turns).

miragecloak the Changer (Octopode Transmuter)        Turns: 926, Time: 00:00:58

Health: 0/23       AC:  2    Str:  9    XL:     3   Next: 68%
Magic:  2/6        EV: 20    Int: 15    God:
Gold:   83         SH:  0    Dex: 18    Spells: 2/6 levels left

rFire    . . .     SeeInvis .     - Unarmed
rCold    . . .     Gourm    .   (shield currently unavailable)
rNeg     . . .     Faith    .   (helmet currently unavailable)
rPois    x         Spirit   .   (no amulet)
rElec    .         Reflect  .   (no ring)
rCorr    .         Harm     .   (no ring)
MR       .....                  (no ring)
Stlth    ++........             (no ring)
Regen    0.1/turn               (no ring)
MPRegen  0.1/turn               (no ring)
                                (no ring)
                                (no ring)

@: lethally poisoned (0 -> -15), spider-form (expiring)
A: almost no armour, stealthy swim, (amphibious), 8 rings, (constrict 8)
a: End Transformation


You were on level 2 of the Dungeon.
You were hungry.
You were a venomous arachnid creature.
You visited 1 branch of the dungeon, and saw 2 of its levels.

You collected 83 gold pieces.

Inventory:

Missiles
 a - 77 arrows
Jewellery
 j - an uncursed ring of protection from magic {unknown}
 l - an uncursed ring of flight {unknown}
Scrolls
 e - a scroll of fog {unknown}
 g - a scroll of remove curse {unknown}
 h - a scroll of amnesia {unknown}
 i - 4 scrolls of identify {unknown}
Potions
 d - a potion of degeneration {unknown}
 k - a potion of curing {unknown}
Books
 b - a book of Changes

   Spells                             Type                      Level
   a - Beastly Appendage              Transmutation                1
   b - Sticks to Snakes               Transmutation                2
   c - Spider Form                    Transmutation/Poison         3
   d - Ice Form                       Ice/Transmutation            4
   e - Blade Hands                    Transmutation                5
Comestibles
 c - 3 bread rations
 f - a royal jelly


   Skills:
 - Level 1.0 Fighting
 - Level 2.0 Dodging
 - Level 3.0 Unarmed Combat
 - Level 2.0 Spellcasting
 + Level 3.5 Transmutations
 * Level 1.6 Poison Magic


You had 2 spell levels left.
You knew the following spells:

 Your Spells              Type           Power        Failure   Level  Hunger
a - Beastly Appendage     Tmut           ##....       16%         1    #......
b - Spider Form           Tmut/Pois      #.........   43%         3    ###....


Dungeon Overview and Level Annotations

Branches:
Dungeon (2/15)

Altars:


Innate Abilities, Weirdness & Mutations

You cannot wear most types of armour.
You are very stealthy in the water. (Stealth+)
((You are amphibious.))
You can wear up to eight rings at the same time.
((You can use your tentacles to constrict eight enemies at once.))
((Your skin changes colour to match your surroundings (Stealth+).))
((Your rubbery body absorbs attacks. (AC +1, EV +1)))


Message History

You are too injured to fight recklessly!
You are too injured to fight recklessly!
You are too injured to fight recklessly!
There is a lethal amount of poison in your body!
There is a lethal amount of poison in your body!
You are too injured to fight recklessly!
You barely miss the adder.
The adder is almost dead.
* * * LOW HITPOINT WARNING * * *
You feel sick.
You kill the adder!
The goblin completely misses you.
You completely miss the goblin.
* * * LOW HITPOINT WARNING * * *
You feel sick. The goblin closely misses you.
You hit the goblin.
You kill the goblin!
* * * LOW HITPOINT WARNING * * *
You feel sick.
You die...

#........#
##........##
#..........# #
#..........# #
+..........# #
#.....!....# # #
#..........# # .#
. #......s...#
###.#...
#.....†....# #
........
...........#.####
...##.#.
###+#####........
...# #.#
#.##(#### ...#
###.#####.# #
...# #.........#
...#
#.#.#.###.......
...# #.#.#.#
#.##.###


There were no monsters in sight!

Vanquished Creatures
  An adder (D:2)
  A ball python (D:2)
  A giant cockroach (D:1)
  7 goblins
  2 hobgoblins (D:1)
  4 jackals
  3 kobolds
  A quokka (D:2)
  5 bats (D:1)
  2 frilled lizards
  8 rats
35 creatures vanquished.

Notes
Turn   | Place    | Note
-------+----------+-------------------------------------------
     0 | D:1      | miragecloak the Octopode Transmuter began the quest for the Orb.
     0 | D:1      | Reached XP level 1. HP: 13/13 MP: 3/3
    74 | D:1      | Reached XP level 2. HP: 10/18 MP: 3/5
   729 | D:1      | Reached XP level 3. HP: 23/23 MP: 4/6
   736 | D:1      | Learned a level 3 spell: Spider Form
   859 | D:2      | Reached skill level 1 in Poison Magic
   925 | D:2      | HP: 1/23 [poisoned by an adder]
   926 | D:2      | Succumbed to an adder's poison

Skill      XL: |  1  2  3 |
---------------+----------+-----
Transmutations | 3 |  3.5
Poison Magic   | 1 |  1.6
Fighting       | |  1.0
Dodging        | |  2.0
Unarmed Combat | |  3.0
Spellcasting   | |  2.0

Action                   || total
-------------------------++-------
Melee: Unarmed           ||    88
       Constrict         ||    10
       Kick              ||     9
       Tentacles         ||     4
 Cast: Beastly Appendage ||    16
       Spider Form       ||     4
 Stab: Sleeping          ||     6
Armor: Skin              ||    16
Dodge: Dodged            ||    64
